[Event "Bangabandhu Premier Div League 2022"]
[Site "Dhaka"]
[Date "2022.12.08"]
[Round "9.6"]
[White "Muthaiah AL"]
[Black "Aradhya, Garg"]
[Result "0-1"]
[ECO "D02"]
[WhiteElo "2454"]
[BlackElo "2289"]
[Annotator "TA"]
[PlyCount "60"]
[EventDate "2022.12.01"]
[EventCountry "BAN"]
[SourceTitle "playchess.com"]
[Source "ChessBase"]
[SourceQuality "1"]
[TimeControl "40/5400+30:1800+30"]

1. d4 d5 2. Bf4 Nf6 3. e3 c5 4. Nf3 Nc6 5. Nbd2 Nh5 6. dxc5 Nxf4 7. exf4 g6 8. c3 {[%emt 0:00:00] White is slightly better.} Bh6 9. g3 O-O 10. Bg2 b6 11. cxb6 Qxb6 12. Nb3 Ba6 13. Bf1 {[%emt 0:00:30] Against e5} Bc4 14. Nfd2 (14. Rb1 $5 ) 14... Rad8 {[%emt 0:00:30] And now ...e5 would win.} (14... Rfd8 $5 ) 15. Qc2 Qb7 16. O-O-O (16. Bg2 {is more complex.} e5 17. Nxc4 dxc4 18. Na5) 16... Bxf1 17. Rhxf1 d4 18. Kb1 (18. Ne4 $11) 18... d3 ({Black should play} 18... dxc3 $1 $15 19. Qxc3 Bg7) 19. Qc1 $14 a5 {[%emt 0:01:00] ...a4 is the strong threat.} 20. Ne4 $1 Ne5 21. Nec5 {[%emt 0:00:00] Against a4} (21. Nxa5 Qxe4 22. Rfe1 Qxe1 $1 23. Rxe1 d2 $17) 21... Qb5 {[%emt 0:00:00] aiming for ...a4.} 22. a4 Qb6 {[%emt 0:01:00] [#] White must now prevent ...Rd5.} 23. Qe3 $2 {[%emt 0:00:00] [#]} (23. Rfe1 $1 $16 {[%cal Re1e5] is forced if you want to stay better.} Rd5 24. Rxe5 (24. c4 d2 $16) 24... Rxe5 25. Nd7 (25. Nxd3 Rh5 $17) 25... Qxb3 26. Nxe5) 23... Rd5 $17 {[%emt 0:00:30] Hoping for ...Nc4.} 24. Qe4 {[%emt 0:00:02] Prevents Nc4.} (24. Nxd3 $2 {too greedy.} Qxb3 25. Qe2 Nxd3 26. Rxd3 Rxd3 27. Qxd3 Qxa4 $19) 24... Rxc5 25. Nxc5 {[%emt 0:00:12] [#]} Rb8 $1 26. b4 (26. Qxe5 $2 Qxb2#) 26... Qxc5 {[%emt 0:00:00] Dancing on a razor blade.} 27. fxe5 $2 {[%emt 0:01:43][%mdl 8192] Loses the game.} (27. Qxe5 $17 Rxb4+ 28. cxb4 Qc2+ 29. Ka1 Qxa4+ 30. Kb1 Qc2+ 31. Ka1) 27... Qxc3 $19 28. b5 Rd8 29. b6 Rd4 30. Rxd3 Qb4+ {[%emt 0:00:00] Weighted Error Value: White=0.60/Black=0.09 (flawless)} (30... Rxe4 $2 31. Rxc3 Rb4+ 32. Kc2 Rxb6 33. Rc5 $18) 0-1

[Event "Bangabandhu Premier Div League 2022"]
[Site "Dhaka"]
[Date "2022.12.08"]
[Round "9.6"]
[White "Rahman, Siddiqur"]
[Black "Mendonca, Leon Luke"]
[Result "0-1"]
[ECO "A62"]
[WhiteElo "1970"]
[BlackElo "2565"]
[Annotator "TA"]
[PlyCount "62"]
[EventDate "2022.11.30"]
[EventType "team-tourn"]
[EventCountry "BAN"]
[SourceTitle "playchess.com"]
[Source "ChessBase"]
[SourceQuality "1"]
[TimeControl "40/5400+30:1800+30"]

1. d4 Nf6 2. c4 c5 3. d5 e6 4. Nc3 exd5 5. cxd5 d6 6. g3 g6 7. Bg2 Bg7 8. Nf3 O-O 9. O-O Re8 10. Re1 Nbd7 {[%emt 0:00:47] A62: Modern Benoni: Fianchetto Variation without early ...Nbd7.} 11. Bf4 Ng4 {[%emt 0:01:17] [#]} 12. Qc2 $146 ({Don't play} 12. Bxd6 Qb6 13. Bf4 c4 $15) ({Predecessor:} 12. Qd2 Nge5 13. Bg5 f6 14. Bh6 Bxh6 15. Qxh6 Qe7 16. Qd2 Nb6 17. b3 Bd7 18. a4 {1-0 (54) Donchenko,A (2659)-Vitiugov,N (2715) Tornelo INT 2021}) 12... Nde5 {[%emt 0:02:46] The position is equal.} 13. Bxe5 Nxe5 14. Nxe5 Bxe5 15. Rab1 (15. a4 $15) 15... Bd7 16. e4 b5 17. Bf1 Qa5 18. a3 Rac8 19. Ne2 c4 {[%emt 0:01:15] Black has more active pieces.} 20. Nc3 Qb6 21. Kh1 a5 22. Nd1 Bg7 23. b3 {[%emt 0:06:38] [#]} (23. Ne3 $17) 23... Qc5 $1 $19 24. Ne3 (24. b4 $142 axb4 25. axb4) 24... Qxa3 25. bxc4 Qc5 26. Qa2 (26. Ng2 {was called for.}) 26... b4 ({Not} 26... Rxe4 27. cxb5 Bc3 28. Rec1 $15) 27. Nc2 Rb8 28. e5 Bxe5 29. Rxe5 Rxe5 30. Na3 Bf5 31. Nc2 Qxf2 {[%emt 0:00:09] White did not feel at home in the position after the opening.   Weighted Error Value: White=1.05/Black=0.03 (flawless)} 0-1

[Event "Bangabandhu Premier Div League 2022"]
[Site "Dhaka"]
[Date "2022.12.08"]
[Round "9.7"]
[White "Iniyan, P."]
[Black "Nayan Kumar, Mohanto"]
[Result "1-0"]
[ECO "D52"]
[WhiteElo "2534"]
[BlackElo "1976"]
[Annotator "TA"]
[PlyCount "43"]
[EventDate "2022.11.30"]
[EventType "team-tourn"]
[EventCountry "BAN"]
[SourceTitle "playchess.com"]
[Source "ChessBase"]
[SourceQuality "1"]
[TimeControl "40/5400+30:1800+30"]

1. d4 d5 2. c4 c6 3. Nf3 Nf6 4. Nc3 e6 5. Bg5 Nbd7 6. e3 Qa5 7. cxd5 exd5 8. Bd3 Ne4 9. O-O $1 {[%emt 0:01:15] 9.0-0 scores better than 9.Qc2.} Nxg5 10. Nxg5 Nf6 11. e4 {[%emt 0:13:48] D52: Queen's Gambit Declined: Cambridge Springs Variation.} h6 12. Nf3 {[%emt 0:01:20] [#] Black must now prevent exd5.} Be6 $146 (12... dxe4 $11 13. Nxe4 Nxe4 14. Bxe4 Be6) ({Predecessor:} 12... dxe4 13. Nxe4 Nxe4 14. Bxe4 Bd6 15. d5 c5 16. Bc2 O-O 17. Qd3 f5 18. Rfe1 Qc7 {1-0 (40) Sjugirov,S (2641)-Pridorozhni,A (2517) Khanty-Mansiysk 2013}) 13. e5 $14 {[%emt 0:00:53] White is slightly better.} Nd7 14. a3 Be7 15. Bc2 (15. Nd2 $14) 15... c5 $2 {[%emt 0:00:00] [#] This costs Black the game.} (15... g5 $11) 16. dxc5 $1 $18 {[%emt 0:04:07] And now b4 would win.} Qxc5 17. Re1 {[%emt 0:03:35] Threatens to win with Nd4.} Nb6 18. Nd4 {[%emt 0:00:48] Hoping for Ncb5.} Qc8 $2 (18... O-O-O 19. Bf5 Bxf5) 19. Ncb5 {[%emt 0:00:52] Pair of Knights!} Qd7 20. f4 Bg4 21. e6 Bxe6 (21... Bxd1 $142 22. exd7+ Kxd7 23. Bxd1 Kd8) 22. f5 {[%emt 0:00:13][%mdl 64] Trapped Piece.   Weighted Error Value: White=0.17 (very precise) /Black=0.89} 1-0

[Event "Bangabandhu Premier Div League 2022"]
[Site "Dhaka"]
[Date "2022.12.08"]
[Round "9.7"]
[White "Sankalan Shah"]
[Black "Harikrishnan.A.Ra"]
[Result "0-1"]
[ECO "D41"]
[WhiteElo "2218"]
[BlackElo "2409"]
[Annotator "TA"]
[PlyCount "110"]
[EventDate "2022.12.01"]
[EventCountry "BAN"]
[SourceTitle "playchess.com"]
[Source "ChessBase"]
[SourceQuality "1"]
[TimeControl "40/5400+30:1800+30"]

1. d4 Nf6 2. c4 e6 3. Nf3 d5 4. Nc3 c5 5. cxd5 Nxd5 6. e4 Nxc3 7. bxc3 cxd4 8. cxd4 Bb4+ 9. Bd2 Bxd2+ 10. Qxd2 O-O 11. Bc4 Nd7 12. O-O {[%emt 0:02:30] D41: Queen's Gambit Declined: Semi-Tarrasch with 5 cxd5.} b6 13. Rad1 Bb7 14. Bd3 {[%emt 0:00:00] The position is equal.} Rc8 15. h4 h6 16. Rfe1 Qc7 {[%emt 0:00:30] [#]} 17. Re3 $146 ({Predecessor:} 17. Rc1 Qd6 18. Qe3 Rxc1 19. Rxc1 Rc8 20. Rxc8+ Bxc8 21. Qc1 Bb7 22. a4 Qc6 23. Qd1 {0-1 (50) Mihajlov,S (2387)-Dominguez Perez,L (2763) chess24.com INT 2020}) 17... Nf6 (17... Qc3 {simplifies} 18. e5 Qxd2 19. Nxd2 Bd5) 18. Ne5 Rfd8 19. Rg3 (19. Qb4 $15) 19... Nh5 $17 20. Rg4 ({Much worse is} 20. Rf3 f6 21. Ng6 Rxd4) 20... Rxd4 21. Nf3 Nf6 ({Better is} 21... Rd7 $19 22. Qxh6 Bxe4 $1 23. Qxh5 Rxd3 24. Rxd3 Bxd3) 22. Rxg7+ Kxg7 23. Nxd4 Bxe4 24. Qe2 (24. Ba6 $142 Rg8 25. Ne2) 24... Qf4 25. g3 Bxd3 $1 26. Qxd3 Qe4 27. Qa6 Qg4 (27... Rc3 $19 {...e5 is the strong threat.} 28. Qf1 (28. Qxa7 $2 {perishes.} Qg4 $19) 28... Ng4) 28. Re1 (28. Qd3 $17 {was necessary.}) 28... Rc5 $2 (28... Rc7 $19 29. Nb3 Qh3) 29. Nb3 {[%emt 0:00:30] This costs White the game.} ({White must play} 29. Nxe6+ $1 $15 fxe6 30. Qxa7+ Kg6 31. Qxb6) 29... Rc7 30. Qd3 Qc4 31. Qd6 (31. Qb1 $17 {is a better defense.}) 31... Rd7 $19 32. Qe5 Qc2 33. Re2 Rd1+ 34. Kg2 Qb1 35. Nd2 Qd3 $36 {[%emt 0:01:30][%mdl 2048] Black has strong initiative.} ({Inferior is} 35... Qxa2 36. Qxf6+ $1 Kxf6 37. Ne4+ Kf5 38. Rxa2 Kxe4 39. Rxa7 $11) 36. Nf3 Qd5 37. Qb2 {[%emt 0:00:00] [#]} (37. Qxd5 $17 Nxd5 38. Rd2) 37... Rd3 $1 38. Re3 Rxe3 39. fxe3 {[%emt 0:00:30][%mdl 4096] Endgame KQN-KQN} Kg6 {[%emt 0:02:00] Against g4} 40. Qc2+ Qe4 41. Qxe4+ Nxe4 {[%emt 0:30:30] KN-KN} 42. Ne5+ (42. Nd4 {was called for.}) 42... Kf6 43. Nc6 {[%emt 0:01:00] [#]} a5 44. Kf3 Nc3 45. e4 Nxa2 {[%emt 0:01:00] Black is clearly winning.} 46. e5+ Kg6 {[%emt 0:00:30] Threatens to win with ...Nb4.} 47. Ne7+ Kg7 48. Ke3 Nb4 49. Kd4 {[%emt 0:00:00] Inhibits Nd5.} a4 {[%emt 0:00:00][%cal Ob4d5,Ba5a4,Ba4a3,Ba3a2][%mdl 32] White must now prevent ...Nd5!} 50. Kc4 {[%emt 0:00:00] Against Nd5} Nd5 51. Nc6 {[%emt 0:01:30] Prevents b5+.} b5+ 52. Kxb5 a3 {[%emt 0:00:00] ( -> ...a2)} 53. Nd4 a2 54. Nc2 {[%emt 0:00:30] [#] Prevents a1Q.} Ne3 $1 55. Na1 Nf5 {[%emt 0:00:00] Weighted Error Value: White=0.67/Black=0.18 (very precise)} 0-1

[Event "Bangabandhu Premier Div League 2022"]
[Site "Dhaka"]
[Date "2022.12.08"]
[Round "9.8"]
[White "Swarnavo Choudhury"]
[Black "Reefat, Bin-Sattar"]
[Result "0-1"]
[ECO "C00"]
[WhiteElo "1977"]
[BlackElo "2367"]
[Annotator "TA"]
[PlyCount "60"]
[EventDate "2022.11.30"]
[EventType "team-tourn"]
[EventCountry "BAN"]
[SourceTitle "playchess.com"]
[Source "ChessBase"]
[SourceQuality "1"]
[TimeControl "40/5400+30:1800+30"]

1. e4 e6 2. d3 c5 3. g3 Nc6 4. Nf3 g6 5. c3 Nge7 6. Bg2 Bg7 7. Qe2 d6 8. O-O O-O 9. Rd1 {[%emt 0:05:55] Recently 9.a3 got a lot of attention. C00: French: Unusual White 2nd moves.} e5 10. Nbd2 h6 11. Nf1 {[%emt 0:07:05] The position is equal.} Be6 {[%emt 0:13:45] [#]} 12. h4 $146 ({Predecessor:} 12. Nh4 d5 13. f4 d4 14. c4 Qd7 15. Nf3 Kh7 16. h4 exf4 17. gxf4 Bg4 18. N1h2 {0-1 (46) Purtov,A (2353)-Shinkarev,A (1845) St Petersburg 2019}) 12... d5 13. N1h2 Qd7 14. Be3 d4 15. Bd2 b5 (15... dxc3 $17 16. Bxc3 Rfd8) 16. cxd4 $15 cxd4 17. Ne1 f5 18. f4 Rae8 19. Rdc1 exf4 (19... fxe4 {keeps more tension.} 20. dxe4 exf4 21. Bxf4 d3) 20. Bxf4 fxe4 21. Bxe4 Nd5 22. Qg2 (22. Bxg6 $17 {keeps fighting.} Nxf4 23. gxf4) 22... Nce7 23. Bd2 $2 {[%emt 0:01:07] [#]} (23. Qc2) 23... Bh3 24. Qe2 Qd6 25. g4 (25. Ng2) 25... Qg3+ $19 26. Kh1 Rf2 {[%emt 0:00:43][%csl Gf2][%cal Rg3h2] [#]} ({Not} 26... Qxh4 27. Nef3 Bxg4 28. Nxh4 $17) 27. Bxd5+ Nxd5 28. Qe3 Re6 $4 (28... Qxh2# {avoids the disaster.}) 29. Qxe6+ $4 (29. Qxg3 $18 Rxd2 30. Qxh3 Rxb2 31. g5) 29... Kh7 30. Qe8 Rf1+ $4 {[%emt 0:00:32][%mdl 40960] Weighted Error Value: White=1.04/Black=0.12 (very precise) . Loss on time!?} (30... Rxh2# {and all is fine.}) 0-1

[Event "Bangabandhu Premier Div League 2022"]
[Site "Dhaka"]
[Date "2022.12.08"]
[Round "9.8"]
[White "Asif, Mahmud"]
[Black "Jamal Uddin"]
[Result "1-0"]
[ECO "D26"]
[WhiteElo "1926"]
[BlackElo "2092"]
[Annotator "TA"]
[PlyCount "121"]
[EventDate "2022.12.01"]
[EventCountry "BAN"]
[SourceTitle "playchess.com"]
[Source "ChessBase"]
[SourceQuality "1"]
[TimeControl "40/5400+30:1800+30"]

1. d4 Nf6 2. Nf3 d5 3. c4 dxc4 4. e3 e6 5. Bxc4 a6 6. O-O b5 7. Bd3 {[%emt 0:02:11] 7.Be2 might become the main line. D26: Queen's Gambit Accepted: 4 e3 e6 5 Bxc5 c5 sidelines.} Nbd7 8. b3 Bb7 9. Bb2 {[%emt 0:00:38] The position is equal.} Be7 10. Nbd2 O-O 11. Rc1 {[%emt 0:06:41] [#]} h6 $146 ({Predecessor:} 11... c5 12. Bb1 Rc8 13. Qe2 cxd4 14. Bxd4 Bc5 15. Bb2 Qe7 16. Nd4 Rfd8 17. Rfd1 Ne5 18. Nxb5 Neg4 19. Nd4 Bxd4 20. Bxd4 {1-0 (57) Schulz,S-Szonyi,K Szombathely 1993}) 12. Qe2 Nd5 13. Bb1 Rc8 14. Ne4 (14. g3 {keeps more tension.} c5 15. Qd3 N7f6 16. dxc5 Nb4 17. Qe2) 14... Qe8 (14... c5 $11) 15. Nc5 Nxc5 16. dxc5 Bf6 {[%emt 0:00:00] Against c6} (16... f5 $14) 17. Qc2 {[%emt 0:00:00][%csl Gb1][%cal Rc2h7] [#]} g6 18. Bxf6 Nxf6 19. c6 Ba8 20. Ne5 Qe7 21. Rfd1 {[%emt 0:00:00] White is much more active. The black rooks are badly placed.} (21. e4 $16) 21... Rfd8 $14 22. h4 Rd5 23. Rxd5 exd5 24. Nf3 Rd8 25. Qd3 (25. Nd4 $14) 25... Rd6 $1 $11 26. Nd4 Ng4 27. g3 (27. Nf5 $2 gxf5 28. g3 (28. Qxf5 $2 Qxh4 29. Qf4 Rf6 $19) 28... Rf6 $19) 27... Ne5 {[%emt 0:00:00] Against h5} (27... h5 {is more complex.} 28. Qc3 Rf6 29. Rc2 b4) 28. Qd2 Nxc6 (28... Bxc6 29. f4 Nc4 30. bxc4 dxc4 31. Nxc6 Rxc6 32. Qe2 $16) 29. h5 Nxd4 (29... gxh5 $2 30. Nf5 Qg5 31. Nxd6 cxd6 32. Qc2 $18) 30. Qxd4 Bc6 31. hxg6 fxg6 32. Qa7 Kf7 33. Qxa6 Qd7 34. Qa7 Rf6 (34... d4 $1 $11 {remains equal.} 35. exd4 Re6) 35. Qd4 h5 36. Bd3 Qd6 $2 (36... Qg4 $16) 37. Rc5 Qd7 38. a4 bxa4 39. bxa4 {[%emt 0:00:00] [#] Strongly threatening a5.} Qd6 $2 (39... Qg4 $16 {was worth a try.}) 40. Bb5 Bb7 41. Qc3 c6 42. Bf1 {[%emt 0:00:00] Prevents h4. Hoping for Ra5.} g5 (42... Re6 $16 43. Ra5 (43. a5 h4 $16) 43... Re7) 43. e4 $18 {[%emt 0:01:00] e5 is the strong threat.} dxe4 (43... Re6 44. exd5 cxd5) 44. Rxg5 {[%emt 0:00:00] Threatens to win with Qb3+.} Bc8 45. Bc4+ Be6 (45... Ke8 $142 46. Bb3 Rf5 47. Rg8+ Rf8 48. Rxf8+ Qxf8 49. Qxc6+ Bd7 50. Qa8+ Ke7 51. Qxe4+ Kd8 52. Qa8+ Ke7 53. Qxf8+ Kxf8) 46. Bxe6+ (46. Rxh5 $2 Qd1+ 47. Bf1 Qxh5 $19) 46... Qxe6 47. Rxh5 {[%emt 0:00:00][%mdl 4096] Endgame And now Re5 would win. KQR-KQR} Kg6 (47... e3 $142 48. f4 (48. fxe3 Qe4 $18) (48. Qxe3 Qxe3 49. fxe3 Rf3 $16) 48... Rg6 49. Rh7+ Kf8 50. Rh8+ Kf7 51. Rh7+ Kf8) 48. Rh4 Qd5 49. Qe3 Qd1+ 50. Kh2 Qxa4 51. Qh6+ Kf7 52. Qh7+ Kf8 53. Rxe4 ({And not} 53. Qxe4 Qxe4 54. Rxe4 Rxf2+ 55. Kh3 Rc2 $11) (53. Qd7 $142 Rxf2+ 54. Kg1 Qa1+ 55. Kxf2 e3+ 56. Kg2 Qb2+ 57. Kh3 Qf6 58. Rf4) 53... Rxf2+ {[%emt 0:01:32] White is clearly winning.} 54. Kg1 {[%emt 0:00:00] Intending Qh8+ and mate.} Qd1+ 55. Kxf2 {[%emt 0:00:00] White threatens Qf5+ and mate.} Qc2+ 56. Kf3 {[%emt 0:00:00] Threatening mate with Qf5+.} Qd3+ 57. Kg4 {[%emt 0:00:00] Qf5+ would kill now.} Qd1+ 58. Kg5 {[%emt 0:00:00] White wants to mate with Qe7+.} Qd2+ 59. Rf4+ Ke8 60. Qe4+ Kd7 61. Qd4+ {[%emt 0:00:00] Weighted Error Value: White=0.35/Black=0.56} 1-0

[Event "Bangabandhu Premier Div League 2022"]
[Site "Dhaka"]
[Date "2022.12.08"]
[Round "9.9"]
[White "Md, Mesbah Uddin"]
[Black "Manon, Reja Neer"]
[Result "0-1"]
[ECO "B11"]
[WhiteElo "1778"]
[BlackElo "2102"]
[Annotator "TA"]
[PlyCount "105"]
[EventDate "2022.11.30"]
[EventType "team-tourn"]
[EventCountry "BAN"]
[SourceTitle "playchess.com"]
[Source "ChessBase"]
[SourceQuality "1"]
[TimeControl "40/5400+30:1800+30"]

1. e4 c6 2. Nf3 d5 3. Nc3 Bg4 4. d4 dxe4 5. Nxe4 Bxf3 6. gxf3 {[%emt 0:00:55] B11: Caro-Kann: Two Knights Variation.} e6 7. Bf4 Nf6 {[%emt 0:14:05] [#]} 8. Qd3 $146 {[%emt 0:02:35] The position is equal.} ({Predecessor:} 8. Nxf6+ Qxf6 9. Be5 Qd8 10. c3 Nd7 11. Bg3 Qb6 12. Qe2 Be7 13. h4 c5 14. Rd1 cxd4 15. Rxd4 {1-0 (30) Millet,M (1977)-Marchais,A (1782) Mulhouse 2016}) 8... Nd5 9. Bd2 a5 10. a3 {[%emt 0:03:35] Inhibits Nb4.} b5 $1 11. Rg1 Nd7 12. Bh3 (12. c4 $11 {remains equal.} bxc4 13. Qxc4) 12... Qc7 $17 13. Rg2 {[%emt 0:05:18] Black continues to play with concentration.} (13. Bf1 $15) 13... g6 14. Ng5 N7b6 {[%emt 0:14:53] Inhibits a4.} 15. Qe2 (15. Kf1 $17 {is a better defense.}) 15... Be7 $19 16. b3 Nf4 17. Bxf4 Qxf4 18. Qe5 (18. Qe4 {was necessary.} Qd6 19. f4) 18... Qxe5+ 19. dxe5 a4 20. b4 Nc4 21. c3 Nxe5 22. Ke2 h6 {[%emt 0:01:57] Prevents f4.} 23. Ne4 f5 {[%emt 0:00:02] Inhibits f4.} 24. f4 Nd7 25. Nd2 g5 {[%emt 0:01:10][%cal Bg6g5,Bg5f4][%mdl 32] Hoping for ...g4.} 26. Rg3 gxf4 27. Rd3 Ne5 {[%emt 0:01:57] Prevents Nf3.} 28. Rd4 Rd8 29. Bg2 Bf6 30. Rd1 Ke7 31. Rxf4 Ng6 ({Not} 31... Rhg8 $2 32. Bf1) 32. Rf3 Nh4 33. Rg3 Nxg2 34. Rxg2 Bxc3 35. Nf3 (35. Rg3 $142 Be5 36. Rh3) 35... Rxd1 36. Kxd1 {[%emt 0:00:00][%mdl 4096] Endgame KRB-KRN} Bf6 ({Wrong is} 36... Bb2 $2 37. Rg3 $19) 37. Kc2 e5 38. Ne1 Rd8 39. f3 Bg5 40. Nd3 Rd5 41. h4 Bf6 42. Rg6 h5 43. Rh6 Kf7 {[%emt 0:00:00] [#] White must now prevent ...Kg7.} ({Inferior is} 43... Bxh4 44. Rxh5 Bf6 45. Rxf5 $17) 44. Rh7+ Kg6 45. Rc7 Bxh4 46. Rxc6+ Bf6 47. Rc5 (47. Nf2 $142 Rd4 48. Rb6) 47... Rxc5+ 48. bxc5 {[%emt 0:00:00] KB-KN} h4 {[%emt 0:00:00][%cal Bh5h4,Bh4h3,Bh3h2][%mdl 32] [#] Threatens to win with ...h3.} 49. c6 Bd8 {[%emt 0:00:00] Strongly threatening ...h3.} 50. Nxe5+ Kf6 51. f4 h3 {[%emt 0:00:00] ( -> ...h2)} 52. Nd3 h2 53. Nf2 {[%emt 0:22:54] Weighted Error Value: White=0.48/Black=0.12 (very precise)} 0-1

[Event "Bangabandhu Premier Div League 2022"]
[Site "Dhaka"]
[Date "2022.12.08"]
[Round "9.10"]
[White "Chanda, Sandipan"]
[Black "Habibur Rahman, Sohel"]
[Result "1-0"]
[ECO "E74"]
[WhiteElo "2474"]
[BlackElo "1871"]
[Annotator "TA"]
[PlyCount "57"]
[EventDate "2022.11.30"]
[EventType "team-tourn"]
[EventCountry "BAN"]
[SourceTitle "playchess.com"]
[Source "ChessBase"]
[SourceQuality "1"]
[TimeControl "40/5400+30:1800+30"]

1. d4 Nf6 2. c4 c5 3. d5 d6 4. Nc3 g6 5. e4 Bg7 6. Be2 O-O 7. Bg5 a6 8. Qd2 Re8 {[%emt 0:00:45] E74: King's Indian: Averbakh Variation: 6...c5.} 9. Rd1 {[%emt 0:03:46] [#]} (9. Nf3 $14) 9... Qc7 $146 ({Black should try} 9... Qa5 $11) ({Predecessor:} 9... Nbd7 10. Nf3 Rb8 11. a4 Nf8 12. h3 Qc7 13. O-O N8d7 14. Rfe1 e6 15. dxe6 Rxe6 16. Bf4 {½-½ (49) Walter,S (1928)-Muth,A (2070) Floersheim 2016}) 10. Nf3 Bg4 {[%emt 0:02:44] White is slightly better.} 11. O-O Nbd7 12. h3 Bxf3 13. Bxf3 Qa5 14. a4 {[%emt 0:04:01] Against b5} (14. Be2 {keeps more tension.} b5 15. cxb5 axb5 16. Bxb5 Nxe4 17. Qe2) 14... Qb4 $1 15. Be2 Nb6 $1 16. b3 Nfd7 17. Na2 Qxd2 (17... Qxb3 $11 18. Rb1 Qxa4) 18. Bxd2 $14 e6 19. dxe6 fxe6 20. Bf4 (20. Be3 $16) 20... e5 (20... Nc8 $14) 21. Be3 $16 Bf8 22. Nc3 Kf7 (22... Rab8 $16 {keeps fighting.} 23. h4 Nf6) 23. f4 (23. a5 $18 Nc8 24. f4) 23... Kg7 $2 {[%emt 0:00:00] [#] This move loses the game for Black.} (23... exf4 $16 24. a5 (24. Bxf4 Kg8 $16) 24... Bg7) 24. f5 $18 Nf6 25. g4 h6 26. h4 {[%emt 0:00:56][%cal Bh3h4,Bh4h5][%mdl 32] Inhibits g5. White is clearly winning.} Rad8 27. g5 Ng8 (27... hxg5 $142 28. hxg5 Nbd7 29. gxf6+ Nxf6 30. fxg6 Be7) 28. f6+ Kf7 29. h5 {[%emt 0:00:26] Weighted Error Value: White=0.16 (very precise) /Black=0.54} 1-0

[Event "Bangabandhu Premier Div League 2022"]
[Site "Dhaka"]
[Date "2022.12.08"]
[Round "9.11"]
[White "Abdul, Momin"]
[Black "Harsha Bharathakoti"]
[Result "0-1"]
[ECO "B33"]
[WhiteElo "1900"]
[BlackElo "2582"]
[Annotator "TA"]
[PlyCount "68"]
[EventDate "2022.11.30"]
[EventType "team-tourn"]
[EventCountry "BAN"]
[SourceTitle "playchess.com"]
[Source "ChessBase"]
[SourceQuality "1"]
[TimeControl "40/5400+30:1800+30"]

1. e4 c5 2. Nf3 Nc6 3. d4 cxd4 4. Nxd4 Qb6 5. Nb3 Nf6 6. Nc3 e6 7. Be3 Qc7 8. a3 a6 9. Be2 (9. f4 $5 ) 9... d6 {[%emt 0:00:34] B33: Sicilian: Pelikan and Sveshnikov Variations.} 10. a4 b6 11. Qd2 Be7 {[%emt 0:01:06] The position is equal.} 12. O-O O-O 13. Rfd1 Rb8 {[%emt 0:08:04] [#]} 14. Qe1 $146 ({Predecessor:} 14. f3 Rd8 15. Bf1 d5 16. exd5 Nb4 17. Bf4 e5 18. d6 Qxd6 19. Qxd6 Rxd6 20. Bxe5 Rxd1 21. Rxd1 {1-0 (72) Schmid,L (2530)-Browne,W (2540) London 1980}) 14... Rd8 15. Bf4 Bb7 16. Rac1 Ne5 17. f3 d5 {[%emt 0:12:40][%cal Oe5f3] White must now prevent ...Nxf3+!} 18. exd5 {[%emt 0:02:13] [#] Threatens to win with Bg3.} Nxf3+ $1 19. Bxf3 Qxf4 20. Rd3 Bb4 {[%emt 0:15:57][%cal Rf6d5] Black is more active.} (20... Nxd5 $2 21. Bxd5 (21. Nxd5 Bxd5 22. Bxd5 Bf6 $18) 21... Qb4 22. Bxb7 Rxd3 23. cxd3 $18) 21. dxe6 Rxd3 22. exf7+ (22. cxd3 $17 Bd6 23. Bxb7 Qxh2+ 24. Kf1 Rxb7 25. Ne4 Qh1+ 26. Kf2 Ng4+ 27. Kf3 Ne5+ 28. Kg3 Qxe1+ 29. Rxe1) 22... Kxf7 $19 23. cxd3 Bd6 {[%emt 0:04:16] This pair of bishops is nice.} 24. Ne4 $2 {[%emt 0:08:06] Loses the game.} (24. Qf2 $17 {was worth a try.}) 24... Qxh2+ 25. Kf1 Re8 (25... Bf4 $19 26. Rd1 Nd5) 26. Qf2 {[%emt 0:03:45] Nxf6 is the strong threat.} Bxe4 ({Stronger than} 26... Qh1+ 27. Ke2 Qh2 28. Kd1 $11) 27. Bxe4 (27. dxe4 {was the only chance.} Kg8 28. Qd4) 27... Kg8 28. Qxb6 $2 (28. g4 Qh3+ 29. Qg2) 28... Nxe4 {[%emt 0:01:21] Black is clearly winning.} 29. dxe4 Rf8+ {[%emt 0:00:22][%mdl 64] [#] Deflection} ({And not} 29... Rxe4 30. Nd2 Rf4+ 31. Nf3 Qh1+ 32. Qg1 Qxg1+ 33. Kxg1 $17) 30. Ke2 Qxg2+ 31. Kd3 Qf3+ 32. Qe3 Qxe3+ 33. Kxe3 Bf4+ 34. Kd4 Rd8+ {[%emt 0:00:08] Weighted Error Value: White=0.75/Black=0.09 (flawless)} 0-1